[Event "Titled Tuesday Blitz August 08 Early 2023"]
[White "Schut, Han"]
[Black "Mangialardo, Tiago Carvalho"]
[WhiteFideId "1005561"]
[BlackFideId "2130718"]
[WhiteElo "2235"]
[BlackElo "2067"]
[Result "0-1"]
[Round "7"]
[TimeControl "180+1"]
[Date "2023.08.08"]
[WhiteClock "0:00:18"]
[BlackClock "0:00:04"]
[Board "212"]

1. e4 Nf6 2. e5 Nd5 3. d4 d6 4. Nf3 Nc6 5. exd6 exd6 6. c4 Nb6 7. b3 Be7 8. Be2 O-O 9. O-O Bg4 10. Be3 Bf6 11. Qd2 Re8 12. Nc3 h6 13. Rfe1 d5 14. c5 Nc8 15. h3 Bh5 16. Ne5 Bxe2 17. Nxc6 bxc6 18. Rxe2 Ne7 19. Rae1 Nf5 20. Rd1 Qd7 21. Ree1 Re7 22. Ne2 Nxe3 23. fxe3 Bg5 24. Nf4 Rae8 25. Kf2 Qf5 26. g3 Bxf4 27. exf4 Qxh3 28. Kf3 Qh5+ 29. Kf2 Qh2+ 30. Kf3 Qxd2 0-1


[Site "https://www.chess.com"]

[Event "Titled Tuesday Blitz August 08 Early 2023"]
[White "Kula, Robert"]
[Black "Wisniowski, Natalie"]
[WhiteFideId "1101218"]
[BlackFideId "30929261"]
[WhiteElo "2232"]
[BlackElo "2013"]
[Result "0-1"]
[Round "7"]
[TimeControl "180+1"]
[Date "2023.08.08"]
[WhiteClock "0:00:08"]
[BlackClock "0:00:05"]
[Board "213"]

1. e4 e6 2. d4 d5 3. Nc3 c5 4. Bb5+ Nc6 5. exd5 exd5 6. dxc5 Nf6 7. Nf3 Bxc5 8. O-O O-O 9. Bg5 Be6 10. Re1 h6 11. Bh4 a6 12. Ba4 Be7 13. Bb3 Rc8 14. Bxf6 Bxf6 15. Nxd5 Bxb2 16. Rb1 Bxd5 17. Bxd5 Bc3 18. Re3 Bd4 19. Rd3 Qxd5 20. Nxd4 Nxd4 21. Rxd4 Qc6 22. c4 Rfe8 23. h3 b5 24. cxb5 axb5 25. Rd5 Rb8 26. a3 Qc4 27. Qb3 Re1+ 28. Kh2 Rxb1 29. Qxc4 bxc4 30. Rc5 Rc1 31. a4 c3 32. a5 c2 33. a6 Ra1 34. Rxc2 Rxa6 35. Rd2 Rab6 36. Re2 Rb2 37. Re7 Rxf2 38. Kg3 Rbb2 39. Re8+ Kh7 40. Kh4 Rxg2 41. Rh8+ Kxh8 42. Kh5 Kh7 43. Kh4 Rb4+ 44. Kh5 Rg5# 0-1


[Site "https://www.chess.com"]

[Event "Titled Tuesday Blitz August 08 Early 2023"]
[White "sasvathaa"]
[Black "Zaichenko, Daria"]
[BlackFideId "4197453"]
[WhiteElo "1988"]
[BlackElo "2225"]
[Result "0-1"]
[Round "7"]
[TimeControl "180+1"]
[Date "2023.08.08"]
[WhiteClock "0:00:50"]
[BlackClock "0:00:44"]
[Board "214"]

1. d4 d5 2. Nf3 Nf6 3. Bf4 Bf5 4. e3 e6 5. c4 c5 6. dxc5 Bxc5 7. Nc3 Nc6 8. a3 a5 9. Nb5 O-O 10. Nc3 d4 11. Na4 Ba7 12. c5 d3 13. Nh4 Ne4 14. Nxf5 d2+ 15. Ke2 exf5 16. f3 Nxc5 17. Nxc5 Bxc5 18. Qxd2 Qb6 19. Qc2 Rfe8 20. Qc3 Bd4 21. Qd2 Bxe3 22. Bxe3 f4 23. Kd1 Rxe3 24. Kc1 Rd8 25. Qf2 Rc3+ 26. bxc3 Qxf2 27. Bc4 Qd2+ 28. Kb1 Qxc3 29. Bb3 Qxb3+ 0-1


[Site "https://www.chess.com"]

[Event "Titled Tuesday Blitz August 08 Early 2023"]
[White "Saim, Mohamed Ilias"]
[Black "campochess"]
[WhiteFideId "7900465"]
[WhiteElo "1986"]
[BlackElo "2218"]
[Result "1-0"]
[Round "7"]
[TimeControl "180+1"]
[Date "2023.08.08"]
[WhiteClock "0:00:12"]
[BlackClock "0:00:58"]
[Board "215"]

1. c4 e6 2. g3 d5 3. Bg2 c6 4. Nf3 Nf6 5. O-O Nbd7 6. b3 Be7 7. Bb2 O-O 8. d3 b5 9. cxb5 cxb5 10. Nbd2 Bb7 11. Rc1 Qb6 12. Qc2 Rac8 13. Qb1 Rxc1 14. Rxc1 Ng4 15. Bd4 Qd8 16. h3 Nh6 17. Bxa7 Nf5 18. g4 Qa5 19. gxf5 Qxa7 20. fxe6 fxe6 21. Rc7 Rd8 22. Ne5 Bd6 23. Rxd7 Rxd7 24. Nxd7 Bc6 25. e4 Bxd7 26. exd5 Qd4 27. dxe6 Bxe6 28. Nf3 Qc3 29. Ng5 Bf5 30. Bd5+ Kf8 31. Ne6+ Ke7 32. Ng5 Qe5 33. Bg2 Qe2 34. Ne4 Bf4 35. a4 Bc7 36. Qc1 Bb6 37. a5 Bxe4 38. Bxe4 Qxf2+ 39. Kh1 Bxa5 40. Qc5+ Kf6 41. Qxf2+ 1-0


[Site "https://www.chess.com"]

[Event "Titled Tuesday Blitz August 08 Early 2023"]
[White "cthake"]
[Black "Clawitter, Craig"]
[BlackFideId "2023105"]
[WhiteElo "1823"]
[BlackElo "2206"]
[Result "1/2-1/2"]
[Round "7"]
[TimeControl "180+1"]
[Date "2023.08.08"]
[WhiteClock "0:00:11"]
[BlackClock "0:00:02"]
[Board "216"]

1. e4 e6 2. d3 d5 3. Nd2 Nf6 4. e5 Nfd7 5. Ngf3 c5 6. g3 Nc6 7. Bg2 Ndxe5 8. O-O Bd6 9. Re1 O-O 10. Nxe5 Nxe5 11. Nf3 Nxf3+ 12. Qxf3 Bd7 13. c3 Bc6 14. d4 cxd4 15. cxd4 Qf6 16. Qxf6 gxf6 17. Bh6 Rfc8 18. a3 Rc7 19. b4 Rac8 20. Rac1 Bb5 21. Rxc7 Rxc7 22. Rc1 Rxc1+ 23. Bxc1 Kf8 24. f4 Ke7 25. Kf2 Bc4 26. Ke3 e5 27. dxe5 fxe5 28. fxe5 Bxe5 29. Bf3 Kd6 30. Bh5 d4+ 31. Kf2 d3 32. Bd2 Bb2 33. a4 Ke5 34. Bf3 b6 35. a5 Bd4+ 36. Ke1 bxa5 37. bxa5 f5 38. h3 Bd5 39. Bd1 Be4 40. g4 Kd5 41. gxf5 Bxf5 42. h4 Kc4 43. h5 Bc3 44. h6 Bg6 45. Bf3 Be8 46. Be4 Bg6 47. Bf3 Kb3 48. Kd1 Kb2 49. Be3 Kb3 50. Bxa7 Bxa5 51. Be3 Kc3 52. Bg5 Kd4 53. Bc1 Bc7 54. Bg5 Be5 55. Bc1 Bg3 56. Bg5 Bf2 57. Kd2 Bf5 58. Bf4 Bg6 59. Bg5 Bg1 60. Bf4 Bf2 61. Bg5 1/2-1/2


[Site "https://www.chess.com"]

[Event "Titled Tuesday Blitz August 08 Early 2023"]
[White "Thiel, Thomas"]
[Black "Skiadopoulos, Nikolaos"]
[WhiteFideId "4615964"]
[BlackFideId "4200772"]
[WhiteElo "2196"]
[BlackElo "1878"]
[Result "1-0"]
[Round "7"]
[TimeControl "180+1"]
[Date "2023.08.08"]
[WhiteClock "0:00:41"]
[BlackClock "0:00:20"]
[Board "217"]

1. e4 c5 2. Nc3 Nc6 3. Bb5 Na5 4. Nf3 a6 5. Be2 Nc6 6. O-O e6 7. d4 cxd4 8. Nxd4 Nxd4 9. Qxd4 Ne7 10. e5 Nc6 11. Qf4 Be7 12. Qg3 Kf8 13. f4 g6 14. f5 exf5 15. Bh6+ Kg8 16. Nd5 Bh4 17. Qc3 Bg5 18. Nf6+ Bxf6 19. exf6 Qb6+ 20. Kh1 Qd4 21. Qa3 Qb4 22. Qe3 Qe4 23. Qc5 d6 24. Qxd6 Be6 25. Bf3 Qd4 26. Qxd4 Nxd4 27. Bg7 Nxf3 28. Rxf3 h5 29. Bxh8 Kxh8 30. Rd3 Rc8 31. c3 g5 32. Rad1 Kh7 33. Rd8 Rxd8 34. Rxd8 Kg6 35. Rb8 Bd5 36. b3 Kxf6 37. c4 Bc6 38. Kg1 f4 39. Kf2 g4 40. a4 Kg7 41. a5 Kf6 42. b4 Kg7 43. b5 axb5 44. cxb5 Bxb5 45. Rxb7 Bd3 46. Rb6 h4 47. g3 fxg3+ 48. hxg3 h3 49. Kg1 f5 50. Kh2 Kf7 51. a6 1-0


[Site "https://www.chess.com"]

[Event "Titled Tuesday Blitz August 08 Early 2023"]
[White "Stangl, Anita, Dr."]
[Black "Seifert, Henryk"]
[WhiteFideId "4608801"]
[BlackFideId "1100963"]
[WhiteElo "2097"]
[BlackElo "2034"]
[Result "1-0"]
[Round "7"]
[TimeControl "180+1"]
[Date "2023.08.08"]
[WhiteClock "0:02:14"]
[BlackClock "0:00:07"]
[Board "219"]

1. e4 e6 2. Nf3 d5 3. Nc3 Nf6 4. e5 Nfd7 5. d4 c5 6. Bb5 a6 7. Bxd7+ Bxd7 8. O-O Nc6 9. Be3 cxd4 10. Bxd4 Nxd4 11. Qxd4 Be7 12. Qg4 O-O 13. Ne2 Bb5 14. Rfe1 Bxe2 15. Rxe2 Qb6 16. c3 Rac8 17. Nd4 Bc5 18. Rd1 h6 19. Rd3 Bxd4 20. Rxd4 Qb5 21. Red2 Rc4 22. f4 Rfc8 23. f5 exf5 24. Qxf5 Rxd4 25. Qxc8+ 1-0


[Site "https://www.chess.com"]

[Event "Titled Tuesday Blitz August 08 Early 2023"]
[White "Nikulina, Alena"]
[Black "abelmat"]
[WhiteFideId "4172051"]
[WhiteElo "2042"]
[BlackElo "1910"]
[Result "1-0"]
[Round "7"]
[TimeControl "180+1"]
[Date "2023.08.08"]
[WhiteClock "0:00:05"]
[BlackClock "0:00:00"]
[Board "220"]

1. e4 e6 2. d4 d5 3. exd5 exd5 4. c4 Nf6 5. Nc3 Bb4 6. Nf3 O-O 7. Bd3 dxc4 8. Bxc4 Re8+ 9. Be3 Bg4 10. O-O Nc6 11. Qb3 Bh5 12. Ng5 Qe7 13. a3 Bd6 14. Qxb7 Na5 15. Qb5 Nxc4 16. Qxc4 h6 17. Nh3 Ng4 18. Rfe1 Bxh2+ 19. Kh1 Qh4 20. Nd5 Nxe3 21. Rxe3 Rxe3 22. fxe3 Bg3 23. Qf1 Bg4 24. Nf4 g5 25. Nd5 Bxh3 26. gxh3 g4 27. Nf6+ Kf8 28. Nxg4 Re8 29. Qf3 h5 30. Kg2 hxg4 31. Qxg4 Qxg4 32. hxg4 Rxe3 33. Rc1 Bd6 34. b4 Rxa3 35. b5 Ra2+ 36. Kf3 Rd2 37. Ke3 Rg2 38. Ra1 Rg3+ 39. Ke4 Rxg4+ 40. Kd5 Rg5+ 41. Kc6 Rg4 42. d5 Rc4+ 43. Kd7 Rb4 44. Rxa7 Rxb5 45. Kc6 Rc5+ 46. Kd7 Rxd5 47. Ra8+ Kg7 48. Kc6 Rg5 49. Re8 f5 50. Re1 Kf6 51. Kd5 Rg4 52. Rh1 f4 53. Ke4 Rg6 54. Kf3 Rg3+ 55. Ke4 Re3+ 56. Kd4 1-0


[Site "https://www.chess.com"]

[Event "Titled Tuesday Blitz August 08 Early 2023"]
[White "Erigaisi Arjun"]
[Black "Martinez Alcantara, Jose Eduardo"]
[WhiteFideId "35009192"]
[BlackFideId "3805662"]
[WhiteElo "3093"]
[BlackElo "3037"]
[Result "0-1"]
[Round "8"]
[TimeControl "180+1"]
[Date "2023.08.08"]
[WhiteClock "0:00:03"]
[BlackClock "0:00:05"]
[Board "1"]

1. b3 d5 2. e3 Nf6 3. g3 g6 4. Bb2 Bg7 5. Bg2 O-O 6. Ne2 c5 7. c4 dxc4 8. bxc4 Nc6 9. O-O Bf5 10. Nf4 e5 11. Ne2 Bd3 12. Na3 Qe7 13. Re1 Rfd8 14. Qb3 Rd7 15. Nc3 e4 16. Ne2 g5 17. Nc1 Rad8 18. Bc3 Ng4 19. h3 Bxc3 20. Qxc3 Nge5 21. g4 Qe6 22. Rd1 f5 23. gxf5 Qxf5 24. Nc2 Rf8 25. Kh1 g4 26. Rg1 Rd6 27. Ne1 Rh6 28. Ncxd3 exd3 29. f4 gxf3 30. Nxf3 Kh8 31. Raf1 Rff6 32. Nh2 Qe6 33. Bd5 Rxf1 34. Bxe6 Rxg1+ 35. Kxg1 Rxe6 36. Nf3 Kg7 37. Kh1 b6 38. Ne1 Rd6 39. Ng2 Kf7 40. Nf4 Rd8 41. a3 Rg8 42. Qa1 Nf3 43. Nxd3 Ke7 44. Nf4 Nce5 45. Ne2 Nd3 46. Qf1 Nde1 47. d4 b5 48. cxb5 c4 49. Qf2 h5 50. e4 h4 51. d5 Kd6 52. b6 a6 53. b7 Kc7 54. b8=Q+ Kxb8 55. Qb6+ Ka8 56. Qxa6+ Kb8 57. Qb6+ Ka8 58. Qc6+ Kb8 59. d6 Rg3 60. Qc7+ Ka8 61. Qc8+ Ka7 62. Qc7+ Ka8 63. Nxg3 hxg3 64. Qc6+ Ka7 65. Qc5+ Ka8 66. Qd5+ Ka7 67. Qf7+ Kb6 68. Qc7+ Kb5 69. a4+ Kb4 70. Qb6+ Kxa4 71. Qa6+ Kb4 72. Qb6+ Ka4 73. Qa6+ Kb3 74. Qb6+ Kc2 75. Qg1 Nxg1 76. Kxg1 Nf3+ 77. Kg2 Ne5 78. Kxg3 Kd3 79. Kf4 Kd4 0-1


[Site "https://www.chess.com"]

[Event "Titled Tuesday Blitz August 08 Early 2023"]
[White "Aronian, Levon"]
[Black "Caruana, Fabiano"]
[WhiteFideId "13300474"]
[BlackFideId "2020009"]
[WhiteElo "3054"]
[BlackElo "3099"]
[Result "0-1"]
[Round "8"]
[TimeControl "180+1"]
[Date "2023.08.08"]
[WhiteClock "0:00:24"]
[BlackClock "0:01:03"]
[Board "2"]

1. e4 c5 2. Nf3 Nc6 3. Bb5 e6 4. Bxc6 bxc6 5. d3 Ne7 6. Nbd2 f6 7. Nh4 e5 8. f4 exf4 9. e5 d5 10. exd6 Qxd6 11. O-O Ng6 12. Nc4 Qd5 13. Nxg6 hxg6 14. Bxf4 Kf7 15. Qe2 Bd7 16. Rae1 Re8 17. Qf2 Rh5 18. Rxe8 Bxe8 19. Qg3 Kg8 20. Bd6 Rg5 0-1


[Site "https://www.chess.com"]

[Event "Titled Tuesday Blitz August 08 Early 2023"]
[White "Firouzja, Alireza"]
[Black "Demidov, Mikhail"]
[WhiteFideId "12573981"]
[BlackFideId "4197143"]
[WhiteElo "3095"]
[BlackElo "2964"]
[Result "1-0"]
[Round "8"]
[TimeControl "180+1"]
[Date "2023.08.08"]
[WhiteClock "0:00:05"]
[BlackClock "0:00:02"]
[Board "3"]

1. e4 e6 2. d4 d5 3. Nc3 Be7 4. Bd3 c5 5. exd5 exd5 6. dxc5 Nf6 7. Nf3 O-O 8. Be3 Nbd7 9. O-O Nxc5 10. h3 Nce4 11. Ne2 Re8 12. c3 h6 13. Qc2 Bc5 14. Bxc5 Nxc5 15. Rad1 Qd6 16. Bb5 Bd7 17. Bxd7 Qxd7 18. Ned4 Rac8 19. Rfe1 Rxe1+ 20. Rxe1 Re8 21. Rd1 a6 22. Nb3 Nxb3 23. axb3 g6 24. Qd2 Kg7 25. c4 Rd8 26. Qc3 Qc7 27. Ne5 dxc4 28. Rxd8 Qxd8 29. bxc4 Qd1+ 30. Kh2 Qd6 31. c5 Qc7 32. f4 h5 33. Qd4 Qc8 34. Nc4 Qc6 35. Nd6 h4 36. Qe5 a5 37. b3 a4 38. bxa4 Qxa4 39. Nxb7 Qb3 40. Nd6 Qg3+ 41. Kg1 Kh7 42. Nxf7 Nd5 43. Ng5+ Kg8 44. Qxd5+ Kg7 45. Qf7+ Kh6 46. Qh7# 1-0


[Site "https://www.chess.com"]

[Event "Titled Tuesday Blitz August 08 Early 2023"]
[White "Lazavik, Denis"]
[Black "Alekseev, Evgeny"]
[WhiteFideId "13515110"]
[BlackFideId "4138147"]
[WhiteElo "3047"]
[BlackElo "2963"]
[Result "1-0"]
[Round "8"]
[TimeControl "180+1"]
[Date "2023.08.08"]
[WhiteClock "0:00:09"]
[BlackClock "0:00:00"]
[Board "4"]

1. d4 Nf6 2. c4 e6 3. Nf3 d5 4. Nc3 Bb4 5. Bg5 Nbd7 6. e3 c5 7. cxd5 exd5 8. dxc5 Qa5 9. Rc1 O-O 10. Bd3 Ne4 11. O-O Bxc3 12. bxc3 Ndxc5 13. Be7 Re8 14. Bxc5 Nxc5 15. Bb1 Rd8 16. Qd4 Be6 17. Qh4 h6 18. Nd4 Rac8 19. f4 Bd7 20. Rf3 Qb6 21. Rg3 Kf8 22. Bf5 Ne4 23. Bxe4 dxe4 24. f5 Re8 25. Rg4 Qf6 26. Qxf6 gxf6 27. Rh4 Kg7 28. Kf2 Rc5 29. Rg4+ Kh7 30. Rf4 b5 31. Rc2 Rc4 32. Ne2 Re5 33. g4 b4 34. Rd2 Bb5 35. cxb4 Rxb4 36. Nd4 Ra4 37. Kg3 Bd3 38. Rff2 Rc5 39. Kf4 Kg7 40. Rb2 Rc1 41. Rb7 Rg1 42. Ne6+ Kg8 43. Rb8+ Kh7 44. Nc5 Ra5 45. Nd7 Kg7 46. Rb7 1-0


[Site "https://www.chess.com"]

[Event "Titled Tuesday Blitz August 08 Early 2023"]
[White "Indjic, Aleksandar"]
[Black "Grischuk, Alexander"]
[WhiteFideId "911925"]
[BlackFideId "4126025"]
[WhiteElo "2939"]
[BlackElo "3040"]
[Result "0-1"]
[Round "8"]
[TimeControl "180+1"]
[Date "2023.08.08"]
[WhiteClock "0:01:05"]
[BlackClock "0:01:10"]
[Board "5"]

1. c4 Nf6 2. Nc3 e5 3. e3 Bb4 4. Qb3 Bxc3 5. Qxc3 Qe7 6. Nf3 Nc6 7. d4 e4 8. Nd2 d5 9. b3 O-O 10. h3 a5 11. a4 Nb4 12. g4 h6 13. Rg1 Nh7 14. Ba3 c6 15. Be2 f5 16. cxd5 cxd5 17. Rc1 fxg4 18. hxg4 Be6 19. Bxb4 axb4 20. Qc7 Qf6 21. Qg3 Ng5 22. Rc7 Rac8 23. Rxc8 Rxc8 24. Kd1 Bd7 25. Rf1 Qc6 26. Ke1 Qc1+ 27. Bd1 Rc2 0-1


[Site "https://www.chess.com"]

[Event "Titled Tuesday Blitz August 08 Early 2023"]
[White "Sjugirov, Sanan"]
[Black "Tabatabaei, M. Amin"]
[WhiteFideId "4189302"]
[BlackFideId "12521213"]
[WhiteElo "2933"]
[BlackElo "3021"]
[Result "1-0"]
[Round "8"]
[TimeControl "180+1"]
[Date "2023.08.08"]
[WhiteClock "0:00:09"]
[BlackClock "0:00:06"]
[Board "6"]

1. e4 c5 2. Nf3 d6 3. d4 cxd4 4. Nxd4 Nf6 5. Nc3 Nc6 6. Bg5 e6 7. Qd2 a6 8. O-O-O Be7 9. Nxc6 bxc6 10. Bxf6 gxf6 11. Bc4 Rb8 12. Bb3 Rg8 13. f4 Qb6 14. Kb1 a5 15. Rhe1 Qc5 16. g3 h5 17. f5 h4 18. gxh4 Rh8 19. fxe6 Bxe6 20. Ne2 a4 21. Bxa4 Ra8 22. Bb3 Kd7 23. Nd4 Rxh4 24. Qe2 Rhh8 25. Rd3 Qe5 26. Nf3 Qa5 27. a3 c5 28. Nd2 Qb5 29. Rxd6+ Bxd6 30. Qxb5+ Ke7 31. Bxe6 fxe6 32. Qb7+ 1-0


[Site "https://www.chess.com"]

[Event "Titled Tuesday Blitz August 08 Early 2023"]
[White "Matlakov, Maxim"]
[Black "Zakhartsov, Vladimir"]
[WhiteFideId "4168003"]
[BlackFideId "4145097"]
[WhiteElo "3004"]
[BlackElo "2920"]
[Result "1-0"]
[Round "8"]
[TimeControl "180+1"]
[Date "2023.08.08"]
[WhiteClock "0:00:16"]
[BlackClock "0:00:00"]
[Board "7"]

1. e4 c5 2. Nf3 d6 3. Bb5+ Nd7 4. O-O a6 5. Bxd7+ Bxd7 6. c3 Nf6 7. Re1 Bc6 8. d4 cxd4 9. cxd4 Bxe4 10. Nc3 d5 11. Bg5 e6 12. Bxf6 Bxf3 13. Qxf3 Qxf6 14. Qxd5 Be7 15. Qxb7 O-O 16. Ne4 Qxd4 17. Qxe7 Qxb2 18. a4 Rac8 19. h3 Rc2 20. a5 h6 21. Rad1 f5 22. Qxe6+ Kh7 23. Qe7 Rfc8 24. Rb1 Qd4 25. Rb4 R8c4 26. Rxc4 Rxc4 27. Ng3 Rc2 28. Rf1 Rc5 29. Qe6 f4 30. Nf5 Qd3 31. Ne7 1-0


[Site "https://www.chess.com"]

[Event "Titled Tuesday Blitz August 08 Early 2023"]
[White "Gholami Orimi, Mahdi"]
[Black "Andreikin, Dmitry"]
[WhiteFideId "12558486"]
[BlackFideId "4158814"]
[WhiteElo "2907"]
[BlackElo "3001"]
[Result "0-1"]
[Round "8"]
[TimeControl "180+1"]
[Date "2023.08.08"]
[WhiteClock "0:00:00"]
[BlackClock "0:00:32"]
[Board "8"]

1. d4 Nf6 2. c4 e6 3. Nc3 d5 4. cxd5 exd5 5. Bg5 c6 6. e3 Bf5 7. Qf3 Bg6 8. Bxf6 Qxf6 9. Qxf6 gxf6 10. h4 Nd7 11. h5 Bf5 12. Nge2 Bd6 13. Nc1 Rg8 14. g3 h6 15. Bd3 Be6 16. N1e2 f5 17. f3 Bxg3+ 18. Nxg3 Rxg3 19. Kf2 Rg5 20. Rag1 Ke7 21. Ne2 Rag8 22. Ng3 Kf6 23. Rh4 Ke7 24. Bxf5 Rxg3 25. Rxg3 Rxg3 26. Bxe6 Rg5 27. Bxd7 Kxd7 28. e4 dxe4 29. fxe4 f5 30. Kf3 fxe4+ 31. Kxe4 Ke6 32. a4 a5 33. b3 b5 34. axb5 cxb5 35. Rh1 Rg4+ 36. Ke3 Kd5 37. Rf1 Rg3+ 38. Kf4 Rxb3 39. Kf5 Rg3 40. Rc1 Rg5+ 41. Kf6 Kxd4 0-1


[Site "https://www.chess.com"]

[Event "Titled Tuesday Blitz August 08 Early 2023"]
[White "Kramnik, Vladimir"]
[Black "Baskakov, Egor"]
[WhiteFideId "4101588"]
[BlackFideId "24197866"]
[WhiteElo "2998"]
[BlackElo "2884"]
[Result "1/2-1/2"]
[Round "8"]
[TimeControl "180+1"]
[Date "2023.08.08"]
[WhiteClock "0:00:01"]
[BlackClock "0:00:08"]
[Board "9"]

1. e4 c5 2. Nf3 Nf6 3. e5 Nd5 4. g3 Nc6 5. Bg2 g6 6. d4 cxd4 7. Nxd4 Nc7 8. Nxc6 bxc6 9. O-O Bg7 10. Re1 O-O 11. Nc3 Ne6 12. h4 Qa5 13. Bd2 Rb8 14. b3 Ba6 15. h5 Qc7 16. f4 d6 17. exd6 exd6 18. Ne4 Rfe8 19. Bc3 Bxc3 20. Nxc3 d5 21. Qd2 Qb6+ 22. Kh2 Ng7 23. hxg6 hxg6 24. Na4 Qc7 25. Nc5 Bb7 26. Rxe8+ Rxe8 27. Re1 Rxe1 28. Qxe1 Bc8 29. c4 Qd6 30. b4 dxc4 31. Qc3 Nf5 32. Qxc4 Qd2 33. Qd3 Qxb4 34. Qd8+ Kg7 35. Ne4 Be6 36. Qf6+ Kg8 37. Ng5 Qe7 38. Qe5 c5 39. Nxe6 Qxe6 40. Qxc5 Qe2 41. Qc8+ Kh7 42. Qd7 Qxa2 43. Kh3 Ne3 44. Bf3 Qe6+ 45. Qxe6 fxe6 46. Bc6 a5 47. g4 Nc4 48. Kh4 Kg7 49. Kg5 Nd6 50. Bd7 Nf7+ 51. Kh4 Kf6 52. Be8 g5+ 53. fxg5+ Nxg5 54. Kg3 Ke5 55. Kf2 Kf4 56. Ke2 e5 57. Kd3 e4+ 58. Kd4 e3 59. Bb5 a4 60. Kc3 a3 61. Kb3 Kxg4 62. Kxa3 Kf3 63. Kb4 Kf2 64. Bc4 Nf3 65. Kc3 Ng1 66. Bd3 Ne2+ 67. Kc2 Nd4+ 68. Kc3 Nf3 69. Ba6 Ne5 70. Kd4 Ng6 71. Ke4 Nf4 72. Kxf4 e2 73. Bxe2 1/2-1/2


[Site "https://www.chess.com"]

[Event "Titled Tuesday Blitz August 08 Early 2023"]
[White "Remizov, Yaroslav"]
[Black "Le, Tuan Minh"]
[WhiteFideId "34134015"]
[BlackFideId "12401153"]
[WhiteElo "2835"]
[BlackElo "2978"]
[Result "0-1"]
[Round "8"]
[TimeControl "180+1"]
[Date "2023.08.08"]
[WhiteClock "0:00:03"]
[BlackClock "0:00:43"]
[Board "10"]

1. e4 e5 2. Nf3 Nc6 3. Bc4 Bc5 4. c3 Nf6 5. d4 exd4 6. e5 d5 7. Bb5 Ne4 8. cxd4 Bb6 9. Nc3 O-O 10. Be3 Bg4 11. h3 Bh5 12. Qc2 Nxc3 13. bxc3 f6 14. Bxc6 bxc6 15. exf6 Qxf6 16. Ne5 Rae8 17. O-O Re7 18. a4 a5 19. f4 Bg6 20. Qf2 Be4 21. Rae1 Qd6 22. Qh4 c5 23. Kh2 cxd4 24. cxd4 Re6 25. Rc1 Qa3 26. Qg3 Qxa4 27. f5 Bxf5 28. Rf4 Qe8 29. Rcf1 Ref6 30. Bc1 c5 31. Ba3 Kh8 32. dxc5 Bc7 33. c6 Bxe5 34. Bxf8 Qxf8 35. Qg5 h6 36. Qg3 Rxc6 37. Kh1 Bxf4 38. Qxf4 Rf6 39. Qe5 Be4 40. Rg1 Rg6 41. Kh2 a4 42. Qd4 Qf4+ 43. g3 Qf6 44. Qxa4 Qf2+ 0-1


[Site "https://www.chess.com"]

[Event "Titled Tuesday Blitz August 08 Early 2023"]
[White "Timofeev, Artyom"]
[Black "Carlsen, Magnus"]
[WhiteFideId "4140419"]
[BlackFideId "1503014"]
[WhiteElo "2844"]
[BlackElo "3239"]
[Result "0-1"]
[Round "8"]
[TimeControl "180+1"]
[Date "2023.08.08"]
[WhiteClock "0:00:00"]
[BlackClock "0:00:09"]
[Board "11"]

1. e4 c5 2. Nc3 Nc6 3. Nf3 e6 4. d4 cxd4 5. Nxd4 Qc7 6. f4 a6 7. Nxc6 bxc6 8. Bd3 d5 9. O-O Nf6 10. Kh1 Bb7 11. Qe2 Be7 12. Bd2 c5 13. exd5 exd5 14. Rae1 Kf8 15. b3 Bd6 16. h3 h5 17. Nd1 c4 18. bxc4 dxc4 19. Bxc4 Ne4 20. Qd3 Nxd2 21. Qxd2 Rh6 22. Bd3 Rf6 23. f5 Bg3 24. Re2 Kg8 25. Nf2 Rd8 26. Ne4 Bxe4 27. Rxe4 h4 28. Qe2 a5 29. Re8+ Rxe8 30. Qxe8+ Kh7 31. a4 Qc5 32. Qe2 Qd4 33. Qe4 Qxe4 34. Bxe4 Rb6 35. f6+ g6 36. Bd5 Kg8 37. Bb3 Be5 38. Rf3 Bxf6 39. g3 hxg3 40. Rxg3 Kg7 41. Kg2 Be5 42. Rd3 f6 43. Rd5 Bc3 44. Rc5 Bb4 45. Rb5 Rd6 46. Kf3 Rd1 47. h4 Rh1 48. h5 g5 49. Kg4 Rh4+ 50. Kf5 Rf4+ 51. Ke6 Kh6 52. Rf5 Re4+ 53. Kxf6 Bc3+ 54. Kf7 g4 55. Rc5 Rf4+ 56. Ke6 Rf6+ 57. Ke7 Rf3 58. Rc6+ Kxh5 59. Bd5 Bb4+ 60. Kd7 Ra3 61. Rc8 g3 62. c4 Rc3 63. Rg8 Kh4 64. Kc6 Ra3 65. Kb5 Rc3 66. Be4 Re3 67. Bd5 Re5 68. Kc6 Re1 69. Kb5 Rb1 70. Kc6 Bd2 71. c5 Be3 72. Kd6 Rd1 73. c6 Bf4+ 74. Ke6 Rd4 75. Bf3 Bc7 76. Ke7 Rxa4 77. Kd7 Be5 78. c7 Rd4+ 79. Kc6 Bxc7 80. Kxc7 Rf4 81. Bc6 Rg4 0-1


[Site "https://www.chess.com"]

[Event "Titled Tuesday Blitz August 08 Early 2023"]
[White "Fedoseev, Vladimir"]
[Black "Bernadskiy, Vitaliy"]
[WhiteFideId "24130737"]
[BlackFideId "14100371"]
[WhiteElo "3083"]
[BlackElo "2873"]
[Result "1-0"]
[Round "8"]
[TimeControl "180+1"]
[Date "2023.08.08"]
[WhiteClock "0:00:48"]
[BlackClock "0:00:04"]
[Board "12"]

1. Nf3 Nf6 2. g3 b6 3. Bg2 Bb7 4. O-O e6 5. d3 Be7 6. e4 d5 7. e5 Nfd7 8. h4 c5 9. Re1 Nc6 10. Bf4 h6 11. h5 Nf8 12. c4 Qd7 13. cxd5 exd5 14. Nc3 Ne6 15. Bh3 d4 16. Ne4 Nb4 17. a3 Nd5 18. Bd2 O-O 19. Nh2 Qc6 20. Ng4 Kh8 21. f4 Rae8 22. f5 Ng5 23. f6 Nxh3+ 24. Kh2 gxf6 25. exf6 Nxf6 26. Ngxf6 Bxf6 27. Kxh3 Bg7 28. g4 f5 29. gxf5 Rxf5 30. Qg4 Ref8 31. Rg1 R8f7 32. Rg3 Qd5 33. Kh2 Rxh5+ 34. Kg1 Rhf5 35. Bxh6 Qe5 36. Ng5 Rf4 37. Nxf7+ Rxf7 38. Bxg7+ Rxg7 39. Qxg7+ Qxg7 40. Rxg7 Kxg7 41. b4 Ba6 42. bxc5 bxc5 43. Rc1 Bxd3 44. Rxc5 a6 45. Rd5 Kf7 46. Rxd4 Bb5 47. Re4 Kf6 48. Kf2 Kf5 49. Ke3 Bc6 50. Re7 Kf6 51. Ra7 Bb5 52. a4 Bf1 53. Kf2 Bd3 54. Rd7 Bc4 55. Rc7 Bd3 56. Ke3 Bf1 57. Rc1 Bg2 58. Rc2 Bd5 59. Kd4 Ke6 60. Kc5 Bb3 61. Re2+ Kd7 62. Kb4 Bd5 63. Kc5 Bb3 64. a5 Ba4 65. Kb6 Bb5 66. Re5 Kc8 67. Rh5 Bd3 68. Rc5+ Kb8 69. Rd5 Bf5 70. Rxf5 1-0


[Site "https://www.chess.com"]

[Event "Titled Tuesday Blitz August 08 Early 2023"]
[White "Pranesh M"]
[Black "Yeletsky, Ivan"]
[WhiteFideId "35028600"]
[BlackFideId "24180327"]
[WhiteElo "3047"]
[BlackElo "2864"]
[Result "0-1"]
[Round "8"]
[TimeControl "180+1"]
[Date "2023.08.08"]
[WhiteClock "0:00:06"]
[BlackClock "0:00:12"]
[Board "13"]

1. e4 Nf6 2. e5 Nd5 3. Nf3 d6 4. c4 Nb6 5. exd6 exd6 6. d4 Be7 7. h3 Bf5 8. Bd3 Bg6 9. O-O O-O 10. b3 d5 11. c5 Nc8 12. Bxg6 hxg6 13. b4 Nc6 14. b5 Na5 15. Nc3 Bf6 16. Bf4 Ne7 17. g4 g5 18. Bxg5 Bxg5 19. Nxg5 Ng6 20. f4 Nxf4 21. Rxf4 Qxg5 22. Qf3 c6 23. Rf1 Qg6 24. h4 Nc4 25. h5 Qe6 26. Rf2 Rae8 27. Kh2 Qe7 28. bxc6 bxc6 29. Qg3 Qg5 30. Nd1 Re1 31. Nb2 Nxb2 32. Rxb2 Rfe8 33. Rbf2 R8e3 34. R4f3 Rxf3 35. Rxf3 Re2+ 36. Kh3 Rxa2 37. Qb8+ Kh7 38. Qc8 Ra1 39. Qf5+ Qxf5 40. Rxf5 f6 41. Rf3 Ra4 42. Re3 Rxd4 43. Re6 Rc4 44. Rxc6 a5 45. Rc8 d4 46. c6 d3 47. Rd8 Rxc6 48. Rxd3 a4 49. Ra3 Ra6 50. Kh4 Kh6 51. Kh3 Kg5 52. Kg3 Ra5 53. Kh3 Kf4 54. Kh4 Ke4 55. Kg3 Kd4 56. Kf4 Kc4 57. Ke4 Kb4 58. Rh3 a3 59. Rh1 a2 60. Ra1 Kb3 61. Kf4 Kb2 62. Rh1 a1=Q 63. Rxa1 Kxa1 64. g5 Rxg5 65. h6 gxh6 0-1


[Site "https://www.chess.com"]